 Dungeon Crawl Stone Soup version 0.30-a0-632-g346586fe48 (webtiles) character file.

Game seed: 18243636913085135382

96107 Laraso the Spry (level 16, -4/146 HPs)
             Began as a Djinni Hedge Wizard on Jan 14, 2023.
             Was the Champion of Makhleb.
             Slain by a naga warrior
             ... wielding a +0 short sword
              (16 damage)
             ... on level 2 of the Snake Pit.
             The game lasted 00:48:26 (25407 turns).

Laraso the Spry (Djinni Hedge Wizard)              Turns: 25407, Time: 00:48:27

Health: -4/146     AC: 32    Str: 13    XL:     16   Next: 65%
Gold:   825        EV: 18    Int: 26    God:    Makhleb [******] SH:  7 Dex: 15

rFire   + + +      SeeInvis +    a - +7 morningstar of Sloth {elec, Str+4 Int+2 Dex-2 SInv}
rCold   . . .      Faith    .    w - +2 buckler of Todeuneu {rElec Regen+ Dex+4}
rNeg    + . .      Spirit   .    (body armour currently unavailable)
rPois   ∞          Reflect  .    m - +2 helmet
rElec   +          Harm     .    R - +0 cloak {Stlth+}
rCorr   .          Rampage  .    (gloves currently unavailable)
Will    +....                    (boots unavailable)
Stlth   +++                      N - amulet "Liyhuwan" {Acrobat Regen+}
HPRegen 2.04/turn                x - ring of protection from cold
MPRegen 0.00/turn                J - ring of protection from fire

@: statue-form, flying, constricted, very slow
A: slow and powerful, torment resistance 1, flying, boosted hp, sickness
immunity, fire resistance 2, cold vulnerability 1, float, innate caster, HP
casting, extra vitality 1
a: End Transformation, Renounce Religion, Minor Destruction, Lesser Servant of
Makhleb, Major Destruction, Greater Servant of Makhleb


You were on level 2 of the Snake Pit.
You worshipped Makhleb.
Makhleb was exalted by your worship.
You were a living statue of rough stone.
You visited 5 branches of the dungeon, and saw 25 of its levels.
You also visited: Bailey and Volcano.

You collected 2656 gold pieces.
You spent 1831 gold pieces at shops.

Inventory:

Hand Weapons
 a - the +7 morningstar of Sloth (weapon) {elec, Str+4 Int+2 Dex-2 SInv}
   (You bought it in a shop on level 1 of the Orcish Mines)

   Str:       It affects your strength (+4).
   Int:       It affects your intelligence (+2).
   Dex:       It affects your dexterity (-2).
   SInv:      It lets you see invisible.
 b - the +5 sling of Geheephu {speed, rF+}
   (You found it on level 9 of the Dungeon)

   rF:        It protects you from fire.
 c - the +12 whip of Beyond {venom, rPois Str+3}
   (You found it on level 7 of the Dungeon)

   Str:       It affects your strength (+3).
   rPois:     It protects you from poison.
Missiles
 h - 9 curare-tipped darts
 o - 3 throwing nets
Armour
 m - a +2 helmet (worn)
 p - a +0 troll leather armour (melded)
 v - the +3 pair of gauntlets of War (melded) {Slay+5}
   (You acquired it on level 9 of the Dungeon)

   Slay:      It affects your accuracy & damage with ranged weapons and melee
   (+5).
 w - the +2 buckler of Todeuneu (worn) {rElec Regen+ Dex+4}
   (You found it on level 5 of the Lair of Beasts)

   Dex:       It affects your dexterity (+4).
   rElec:     It insulates you from electricity.
   Regen:     It increases your rate of health regeneration.
 y - a +1 robe of resistance
 Q - the +0 pair of fencer's gloves {Riposte Dex+3}
   (You found it in a volcano)

   Riposte:   It allows the wearer to riposte with melee weapons, swiftly
   retaliating against missed or blocked melee attacks.
   Dex:       It affects your dexterity (+3).
 R - a +0 cloak of stealth (worn)
Magical Staves
 A - a staff of fire
Jewellery
 x - a ring of protection from cold (left fist)
 J - a ring of protection from fire (right fist)
 N - the amulet "Liyhuwan" (around neck) {Acrobat Regen+}
   (You found it on level 3 of the Lair of Beasts)

   [amulet of the acrobat]

   It increases your evasion while moving and waiting.
   Regen:     It increases your rate of health regeneration.
 O - a ring of ice
 V - a +6 ring of intelligence
 X - a ring of wizardry
Wands
 k - a wand of mindburst (13)
 r - a wand of charming (31)
 t - a wand of light (16)
 C - a wand of flame (17)
 F - a wand of iceblast (9)
 I - a wand of polymorph (8)
Scrolls
 f - a scroll of poison
 q - 2 scrolls of enchant armour
 z - a scroll of fear
 B - 10 scrolls of teleportation
 D - a scroll of brand weapon
 H - 5 scrolls of fog
 K - 3 scrolls of enchant weapon
 L - a scroll of summoning
 M - 10 scrolls of identify
 W - a scroll of blinking
Potions
 d - 6 potions of magic
 e - 4 potions of lignification
 g - 9 potions of mutation
 i - 14 potions of haste
 j - 12 potions of curing
 l - 4 potions of invisibility
 n - 4 potions of attraction
 s - 8 potions of might
 u - 5 potions of brilliance
 G - 5 potions of resistance
 P - a potion of cancellation
 S - 3 potions of ambrosia
 T - a potion of heal wounds
Miscellaneous
 E - a box of beasts


   Skills:
 - Level 10.0 Fighting
 * Level 13.7 Maces & Flails
 - Level 5.0 Polearms
 - Level 2.0 Armour
 - Level 18.0 Dodging
 - Level 1.5 Stealth
 - Level 4.0 Shields
 - Level 12.0 Spellcasting
 - Level 3.0 Invocations


You had 4 spell levels left.
You knew the following spells:

 Your Spells              Type           Power      Damage    Failure   Level
a - Magic Dart            Conj           100%       1d8       1%          1
b - Slow                  Hex            100%       N/A       1%          1
c - Blink                 Tloc           100%       N/A       1%          2
d - Call Imp              Summ           67%        N/A       1%          2
e - Cigotuvi's Dreadful   Necr/Pois/Air  100%       N/A       1%          2
f - Mephitic Cloud        Conj/Pois/Air  67%        N/A       1%          3
g - Summon Small Mammal   Summ           100%       N/A       1%          1
h - Static Discharge      Conj/Air       100%       2-7/arc   1%          2
i - Poisonous Vapours     Pois/Air       100%       N/A       1%          2
j - Olgreb's Toxic Radia  Pois           67%        N/A       1%          4
k - Summon Ice Beast      Ice/Summ       67%        N/A       1%          4
l - Lee's Rapid Deconstr  Erth           33%        3d17*     1%          5
w - Statue Form           Tmut/Erth      44%        N/A       5%          6
Your spell library was empty.

Dungeon Overview and Level Annotations

Branches:
Dungeon (15/15)            Temple (1/1) D:5            Lair (5/5) D:9
  Swamp (0/4) Lair:3        Snake (2/4) Lair:2        Slime (0/5) Lair:4
    Orc (2/2) D:10            Elf (0/3) Orc:2        Vaults (0/5) D:13
 Depths (0/4) D:15         Bailey (visited)         Volcano (visited)

Altars:
Ashenzari
Cheibriados
Dithmenos
Elyvilon
Fedhas
Gozag
Hepliaklqana
Makhleb
Nemelex Xobeh
Okawaru
Qazlal
Ru
Trog
Uskayaw
Wu Jian
Xom
Yredelemnul
Zin
The Shining One

Shops:
D:8 !   D:13 =   Orc:1 *   Orc:2 [(!*   Snake:1 (

Annotations:
D:8 1 runed translucent door, Cancer's ghost, novice TrTm
Lair:3 2 transporters, SkeletonJelly's ghost, adept HuMo


Innate Abilities, Weirdness & Mutations

You are a living statue of rough stone.
Your actions are slow, but your melee attacks are powerful.
You are resistant to unholy torment.
You are flying.
Your maximum health is greatly increased.
Your equipment is partially melded.
You are immune to sickness and miasma.
You are immune to poison.
Your flesh is very heat resistant. (rF++)
You are vulnerable to cold. (rC-)
You float through the air rather than walking.
You learn spells naturally, not from books.
Your magical power is your life essence.
You have superior vitality. (+4 MHP)


Message History

You sock the naga warrior!
The naga warrior is heavily wounded.
The naga warrior hits you with a +1 trident of venom!
The naga warrior constricts you.
The naga warrior hits you with a +1 trident of venom!!
The naga warrior constricts you.
You puncture the naga warrior!
The naga warrior is severely wounded.
The phantasmal warrior gestures at you.
The phantasmal warrior blinks!
The naga warrior closely misses you. The naga warrior misses you.
The naga warrior constricts you. The phantasmal warrior hits you!!
The naga warrior misses you.
The naga warrior's grasp on you weakens, but your attempt to escape fails.
The naga warrior hits you with a +1 trident of venom!!!
* * * LOW HITPOINT WARNING * * *
The naga warrior constricts you.
* * * LOW HITPOINT WARNING * * *
A nagaraja comes into view. It is wielding a +0 club.
The phantasmal warrior hits you but does no damage.
The naga warrior roars a battlecry!
The nagaraja goes into a battle-frenzy!
The naga warrior closely misses you.
The nagaraja shouts!
Unknown command.
As you read the scroll of fear, it crumbles to dust.
You assume a fearsome visage.
The naga warrior resists with almost no effort.
The naga warrior looks frightened!
The phantasmal warrior is unaffected.
The nagaraja resists with almost no effort.
The black mamba looks frightened!
The naga warrior resists with almost no effort.
You block the naga warrior's attack. The naga warrior constricts you.
The phantasmal warrior hits you!!
* * * LOW HITPOINT WARNING * * *
The naga warrior hits you but does no damage.
The nagaraja gestures wildly while chanting.
The nagaraja seems to speed up.
The naga warrior closely misses you. The naga warrior constricts you.
The phantasmal warrior misses you.
The naga warrior hits you with a +0 short sword!
You die...

########
##..#
###^....#
... ##...#
###..##
#.##....#
#...#
#.....###
### ......
#.$..## ...
.....###
+.....## #.#
#######
#......##..#
#..###..W..#
#.. ##8N..#
....
##N...S..
#####
...####
.N.[.
.##.... ~#
~~## .. .#
.N .


You could see a nagaraja (fast, strong), 3 naga warriors, a phantasmal warrior
and a black mamba (fleeing).

Vanquished Creatures
  The ghost of Pocvaraige the Brawler, a journeyman TrMo of Gozag (D:13)
  An orc warlord (Orc:1)
  The ghost of ragingrage the Covert, a journeyman OpAr of Gozag (Orc:2)
  The ghost of Aqonk the Stormcaller, a journeyman OpAE of Gozag (D:14)
  A stone giant (Volcano)
  Azrael (Snake:1)
  Josephine (Lair:5)
  4 hydras
  9 vault guards
  Erolcha (D:9)
  2 ice dragons (D:15)
  A catoblepas (Lair:5)
  4 two-headed ogres
  A death knight (D:13)
  4 centaur warriors
  3 boulder beetles
  A tengu warrior (D:14)
  2 anacondas (Snake:1)
  A naga sharpshooter (Snake:1)
  2 orc high priests (Orc:2)
  5 skeletal warriors
  A deep elf knight (D:12)
  A death drake (shapeshifter) (D:14)
  A glowing orange brain (D:10)
  A deep elf archer (D:12)
  2 lindwurms (Lair:5)
  2 bog bodies (Lair:3)
  2 orc knights
  2 mana vipers (Snake:2)
  2 deep elf pyromancers
  An obsidian statue (Volcano)
  An orc sorcerer (Orc:1)
  A salamander (Snake:2)
  5 cyclopes
  4 manticores
  5 elephants (Lair:4)
  8 ugly things
  3 naga magi
  2 torpor snails
  11 black mambas
  Joseph (D:8)
  10 cane toads
  2 gargoyles
  3 rime drakes
  A kobold demonologist (D:14)
  4 komodo dragons
  Psyche (D:8)
  An efreet (Volcano)
  A freezing wraith (D:15)
  7 trolls
  6 polar bears
  13 blink frogs
  Prince Ribbit (D:8)
  9 dream sheep
  2 centaur simulacra (D:14)
  3 slime creatures (D:13)
  3 shadows
  A water elemental (D:14)
  6 wyverns
  7 fire bats (Volcano)
  2 basilisks
  20 yaks
  3 steam dragons
  3 fire elementals (Snake:1)
  10 wraiths
  6 humans (Bailey)
  16 vampire mosquitoes
  Edmund (D:5)
  4 nagas
  6 wargs
  4 swamp worms
  An acid dragon (D:11)
  21 water moccasins
  2 hell hounds (Snake:1)
  2 sky beasts
  42 orc warriors
  2 ice beasts
  5 black bears
  6 ogres
  6 wolves (Lair:3)
  18 centaurs
  7 kobold brigands
  2 gnoll sergeants
  16 bullfrogs
  An earth elemental (Volcano)
  2 scorpions
  10 wights
  12 killer bees
  3 electric eels
  12 howler monkeys
  2 jellies (D:6)
  6 lava snakes (Volcano)
  4 hounds
  9 orc priests
  A hell rat (Lair:5)
  3 iguanas
  20 orc wizards
  7 adders
  8 gnolls
  A shadow imp (D:7)
  A white imp (D:6)
  2 worms
  70 orcs
  2 bats
  An endoplasm (D:4)
  A giant cockroach (D:3)
  6 goblins
  10 hobgoblins
  6 quokkas
  3 training dummies (Snake:1)
  5 ball pythons
  A frilled lizard (D:3)
  24 kobolds
  4 rats
626 creatures vanquished.

Vanquished Creatures (collateral kills)
  Rupert (Lair:4)
  A hydra (Lair:3)
  2 elephants (Lair:4)
  2 blink frogs (Lair:1)
  3 dream sheep (Lair:3)
  A wyvern (Lair:3)
  A water moccasin (Lair:2)
  An ogre (D:5)
  A wight (D:7)
  Robin (D:3)
  An adder (D:4)
  6 goblins (D:3)
  2 ball pythons (D:4)
23 creatures vanquished.

Vanquished Creatures (others)
  A deep elf knight (D:12)
  A deep elf pyromancer (D:12)
  A black mamba (Snake:1)
  An orc (D:11)
  13 fungi
  32 plants
  6 withered plants (D:14)
55 creatures vanquished.

Grand Total: 704 creatures vanquished

Notes
Turn   | Place    | Note
-------+----------+-------------------------------------------
     0 | D:1      | Laraso the Djinni Hedge Wizard began the quest for the Orb.
     0 | D:1      | Laraso set off with the following spells memorised: Magic
                  | Dart, Slow, Blink, Call Imp, Cigotuvi's Dreadful Rot,
                  | Mephitic Cloud.
     0 | D:1      | Reached XP level 1. HP: 15/15 MP: 0/0
   198 | D:1      | Found a faded altar of an unknown god.
   989 | D:2      | Reached XP level 2. HP: 19/21 MP: 0/0
  1078 | D:2      | Reached XP level 3. HP: 21/25 MP: 0/0
  1078 | D:2      | Learned a level 1 spell: Summon Small Mammal
  1879 | D:3      | Reached XP level 4. HP: 17/31 MP: 0/0
  2217 | D:3      | Found a hide-covered altar of Uskayaw.
  2367 | D:3      | Noticed Robin
  2384 | D:3      | Killed Robin
  2466 | D:3      | Reached XP level 5. HP: 26/35 MP: 0/0
  2466 | D:3      | Learned a level 2 spell: Static Discharge
  3329 | D:4      | Noticed an ogre
  3337 | D:4      | Killed an ogre
  3338 | D:4      | Reached XP level 6. HP: 32/40 MP: 0/0
  3339 | D:4      | Reached skill level 5 in Spellcasting
  3546 | D:4      | Reached skill level 1 in Fighting
  3614 | D:4      | Reached skill level 3 in Dodging
  3746 | D:4      | Found a blossoming altar of Fedhas.
  3839 | D:4      | Noticed an ogre
  3849 | D:4      | Killed an ogre
  3850 | D:4      | Reached XP level 7. HP: 42/49 MP: 0/0
  3850 | D:4      | Learned a level 2 spell: Poisonous Vapours
  4140 | D:5      | Entered Level 5 of the Dungeon
  4188 | D:5      | Found a staircase to the Ecumenical Temple.
  4227 | Temple   | Entered the Ecumenical Temple
  4268 | Temple   | Became a worshipper of Makhleb the Destroyer
  4468 | D:5      | Reached skill level 4 in Dodging
  4824 | D:5      | Reached skill level 1 in Invocations
  4826 | D:5      | Reached XP level 8. HP: 35/58 MP: 0/0
  5513 | D:5      | Noticed Edmund
  5537 | D:5      | Killed Edmund
  6533 | D:6      | Reached XP level 9. HP: 37/62 MP: 0/0
  6533 | D:6      | Learned a level 4 spell: Olgreb's Toxic Radiance
  6754 | D:6      | Reached * piety under Makhleb
  6755 | D:6      | Reached skill level 1 in Polearms
  7685 | D:7      | Identified the +12 whip of Beyond {venom, rPois Str+3}
  8035 | D:7      | Reached skill level 5 in Polearms
  8035 | D:7      | Reached skill level 1 in Armour
  9110 | D:8      | Found Gedir's Distillery.
  9122 | D:8      | Reached skill level 1 in Maces & Flails
  9298 | D:8      | Bought a potion of heal wounds for 60 gold pieces
  9298 | D:8      | Bought a potion of curing for 36 gold pieces
  9408 | D:8      | Noticed Psyche
  9420 | D:8      | Killed Psyche
  9421 | D:8      | Reached XP level 10. HP: 47/67 MP: 0/0
  9489 | D:8      | Found a runed translucent door.
  9489 | D:8      | Noticed Cancer's ghost (novice TrTm)
  9820 | D:8      | Noticed Prince Ribbit
  9828 | D:8      | Killed Prince Ribbit
  9848 | D:8      | Reached skill level 5 in Maces & Flails
 10399 | D:8      | Noticed Joseph
 10414 | D:8      | Killed Joseph
 10743 | D:9      | Identified a scroll of acquirement
 10743 | D:9      | Acquired the +3 pair of gauntlets of War {Slay+5}
 10743 | D:9      | Found the +3 pair of gauntlets of War {Slay+5}
 10839 | D:9      | Found a staircase to the Lair.
 10868 | D:9      | Reached ** piety under Makhleb
 10945 | D:9      | Reached XP level 11. HP: 65/73 MP: 0/0
 10945 | D:9      | Learned a level 4 spell: Summon Ice Beast
 10981 | D:9      | Identified the +5 sling of Geheephu {speed, rF+}
 11132 | D:9      | Reached skill level 5 in Dodging
 11677 | D:9      | Noticed a two-headed ogre
 11708 | D:9      | Killed a two-headed ogre
 11709 | D:9      | Reached skill level 6 in Dodging
 11718 | D:9      | Found a sparkling altar of Nemelex Xobeh.
 11749 | D:9      | Noticed Erolcha
 11760 | D:9      | Killed Erolcha
 11855 | D:9      | Reached skill level 7 in Dodging
 12203 | D:10     | Entered Level 10 of the Dungeon
 12337 | D:10     | Acquired a manual of Dodging
 12370 | D:10     | Reached skill level 8 in Dodging
 12386 | D:10     | Found a flagged portal.
 12492 | D:10     | Noticed a glowing orange brain
 12501 | D:10     | Killed a glowing orange brain
 12593 | D:10     | Reached *** piety under Makhleb
 12595 | D:10     | Reached skill level 9 in Dodging
 12657 | D:10     | Found a staircase to the Orcish Mines.
 12847 | Bailey   | Entered a bailey
 12869 | Bailey   | Reached XP level 12. HP: 68/78 MP: 0/0
 12993 | Bailey   | Noticed a vault guard
 13008 | Bailey   | Killed a vault guard
 13047 | Bailey   | Noticed a vault guard
 13069 | Bailey   | Killed a vault guard
 13145 | D:10     | Reached skill level 10 in Spellcasting
 13194 | D:10     | Noticed a two-headed ogre
 13202 | D:10     | Killed a two-headed ogre
 13203 | D:10     | Reached skill level 10 in Dodging
 13377 | D:10     | Identified the +7 falchion of Peace {flame, rC+}
 13752 | Lair:1   | Entered Level 1 of the Lair of Beasts
 13762 | Lair:1   | Reached skill level 11 in Dodging
 14009 | Lair:1   | You are sucked into a shaft and drop 1 floor!
 14012 | Lair:2   | Found a staircase to the Snake Pit.
 14029 | Lair:2   | Reached skill level 12 in Dodging
 14035 | Lair:2   | HP: 1/78 [black mamba (15)]
 14037 | Lair:2   | Reached **** piety under Makhleb
 14055 | Lair:2   | Reached skill level 13 in Dodging
 14212 | Lair:1   | Reached skill level 14 in Dodging
 14323 | Lair:1   | Reached XP level 13. HP: 83/83 MP: 0/0
 14323 | Lair:1   | Learned a level 5 spell: Lee's Rapid Deconstruction
 14596 | Lair:1   | Reached skill level 15 in Dodging
 14804 | Lair:2   | Reached skill level 16 in Dodging
 14826 | Lair:2   | Noticed a four-headed hydra
 14872 | Lair:2   | Killed a four-headed hydra
 14886 | Lair:2   | Reached skill level 17 in Dodging
 15537 | Lair:3   | Reached skill level 18 in Dodging
 15541 | Lair:3   | Reached ***** piety under Makhleb
 15604 | Lair:3   | Noticed SkeletonJelly's ghost (adept HuMo)
 15611 | Lair:3   | Noticed a five-headed hydra
 15614 | Lair:3   | Reached skill level 5 in Fighting
 15621 | Lair:3   | Killed a five-headed hydra
 15626 | Lair:3   | Identified the amulet "Liyhuwan" {Acrobat Regen+}
 15709 | Lair:3   | Found a transporter.
 15713 | Lair:3   | Found a transporter.
 15821 | Lair:3   | HP: 2/88 [swamp worm (11)]
 15987 | Lair:3   | Found a staircase to the Swamp.
 16143 | Lair:4   | Found a staircase to the Slime Pits.
 16270 | Lair:4   | Reached XP level 14. HP: 97/97 MP: 0/0
 16283 | Lair:4   | Noticed Rupert
 16295 | Lair:4   | Killed Rupert
 16898 | Lair:5   | Entered Level 5 of the Lair of Beasts
 17013 | Lair:5   | Noticed Josephine
 17028 | Lair:5   | Killed Josephine
 17029 | Lair:5   | Reached skill level 10 in Fighting
 17186 | Lair:5   | Found the +8 longbow "Zephyr" {speed, Dex+3 SInv}
 17195 | Lair:5   | Identified the +2 buckler of Todeuneu {rElec Regen+ Dex+4}
 17421 | Orc:1    | Entered Level 1 of the Orcish Mines
 17430 | Orc:1    | Reached skill level 1 in Shields
 17478 | Orc:1    | Found Oshutyhu's General Store.
 17946 | Orc:1    | Noticed an orc warlord
 17984 | Orc:1    | Killed an orc warlord
 18165 | Orc:2    | Entered Level 2 of the Orcish Mines
 18262 | Orc:2    | Found a dark tunnel.
 18267 | Volcano  | Entered a volcano
 18457 | Volcano  | Noticed a stone giant
 18466 | Volcano  | Killed a stone giant
 18468 | Volcano  | Found the +0 pair of fencer's gloves {Riposte Dex+3}
 18640 | Orc:2    | Reached skill level 10 in Maces & Flails
 18652 | Orc:2    | Reached ****** piety under Makhleb
 18723 | Orc:2    | Reached XP level 15. HP: 100/107 MP: 0/0
 18723 | Orc:2    | Learned a level 6 spell: Statue Form
 18741 | Orc:2    | Found Rumm's Antique Weapon Emporium.
 18741 | Orc:2    | Found Fefeedoq's Distillery.
 18745 | Orc:2    | Found Zijoawe's General Store.
 18747 | Orc:2    | Found Tadiowne's Armour Shoppe.
 18758 | Orc:2    | Bought a scroll of enchant armour for 90 gold pieces
 18769 | Orc:2    | Bought a +0 cloak of stealth for 172 gold pieces
 18815 | Orc:2    | Noticed ragingrage's ghost (journeyman OpAr)
 18971 | Orc:2    | Found a runed translucent door.
 19142 | Orc:2    | Found a staircase to the Elven Halls.
 19385 | Orc:2    | Killed ragingrage's ghost
 19443 | Orc:1    | Bought the +7 morningstar of Sloth {elec, Str+4 Int+2 Dex-2
                  | SInv} for 969 gold pieces
 21242 | D:13     | Found Ezagof's Jewellery Shoppe.
 21247 | D:13     | Bought a +6 ring of intelligence for 504 gold pieces
 21901 | D:13     | Found a gate to the Vaults.
 22601 | D:14     | Reached XP level 16. HP: 113/113 MP: 0/0
 22708 | D:14     | Found a runed translucent gate.
 22708 | D:14     | Found a runed translucent gate.
 22708 | D:14     | Found a runed translucent gate.
 22709 | D:14     | Noticed Pocvaraige's ghost (journeyman TrMo)
 22710 | D:14     | Noticed Aqonk's ghost (journeyman OpAE)
 23260 | D:13     | Killed Pocvaraige's ghost
 23298 | D:14     | Killed Aqonk's ghost
 23346 | D:15     | Entered Level 15 of the Dungeon
 23624 | D:15     | Found a staircase to the Depths.
 24040 | Snake:1  | Entered Level 1 of the Snake Pit
 24536 | Snake:1  | Noticed Azrael
 24644 | Snake:1  | Killed Azrael
 24751 | Snake:1  | Found Fuopnao's Firing Range.
 25406 | Snake:2  | Noticed a nagaraja
 25407 | Snake:2  | Slain by a naga warrior

Illustrated notes

Levels and vault maps discovered:
D:1:      amcnicky_arrival_abandoned_market, layout_basic,
          chequers_ecumenical_altar_simple_redux
D:2:      minmay_alternating_diamond, layout_loops_ring
D:3:      layout_basic, nicolae_uskayaw_dance_hall, uniq_robin
D:4:      layout_rooms, lemuel_doored_altar, roderic_lattice_a
D:5:      cheibrodos_thug_alley, layout_basic, minmay_temple_entry_antechambers,
          solitary_fountain, hangedman_abyss_or_decor_stabs, uniq_edmund
D:6:      layout_basic, moated_statue
D:7:      layout_basic, minivault_23, grunt_decor_cap, minivault_5
D:8:      layout_loops_cross, ebering_ghost_inner_flame, serial_shops,
          nicolae_shop_advertising_works [nicolae_subvault_shop_adworks],
          chequers_big_river, uniq_psyche, uniq_joseph, uniq_prince_ribbit1
D:9:      minmay_evil_eye, layout_stronghold, nemelex_diamond_rough_becter,
          minmay_lair_entry_grove, uniq_erolcha
D:10:     layout_long_grid, david_orc_3, enter_bailey_8, minmay_three_doors
D:11:     layout_cave_pods
D:12:     layout_irregular_city
D:13:     layout_stronghold, erik_vaults_2, serial_shops, nicolae_shop_trees
D:14:     wad_river_or_something, layout_irregular_city,
          gammafunk_ghost_cemetery, serial_column_ruins, column_ruins_grid_3,
          column_ruins_open_tiny, column_ruins_open_small, column_ruins_grid_1,
          column_ruins_open_tiny, column_ruins_columns_straight
D:15:     grunt_enter_depths_hoard, layout_cave_pools, grunt_decor_mini_mirrors
Temple:   hellmonk_temple_of_storms
Lair:1:   layout_chaotic_city, grunt_megastairs_5
Lair:2:   beast_lair_carwin_large_2, layout_hall_layers,
          minmay_snake_entry_six_corridors, minmay_holes, worms_lemuel
Lair:3:   layout_cave_shapes, nicolae_swamp_entry_splash_gauntlet,
          nzn_ghost_randoct, grunt_megastairs_2
Lair:4:   layout_regular_city, slime_entry_1, uniq_rupert
Lair:5:   guppyfry_lair_end_dragon, layout_regular_city,
          hangedman_lair_in_review, bh_autumn_forest_stairs, uniq_josephine
Snake:1:  layout_chambers, statue_in_the_mist_lemuel, nicolae_shop_firing_range,
          uniq_azrael
Snake:2:  layout_layer_cave, portal_ice_cave_entry_frozen_things,
          nicolae_snake_ghostly_warrior_ritual, uniq_vashnia
Orc:1:    minmay_goldmine, layout_caves, serial_shops, nicolae_square_shop,
          nooodl_orcs_dogs
Orc:2:    st_orc_rangers, layout_diamond_mine, enter_volcano_4,
          hellmonk_ghost_happy_afterlife, basic_altar

Skill      XL: |  1  2  3  4  5  6  7  8  9 10 11 12 13 14 15 16 |
---------------+-------------------------------------------------+-----
Spellcasting   | 3 4 5 7 8 10 11 12 | 12.0
Fighting       | 2 4 7 10 | 10.0
Dodging        | 3 4 9 14 18 | 18.0
Invocations    | 2 3 |  3.0
Polearms       | 5 |  5.0
Armour         | 2 |  2.0
Maces & Flails | 2 7 8 10 12 13 | 13.7
Shields        | 4 |  4.0
Stealth        | |  1.5

Action                   |  1- 3 |  4- 6 |  7- 9 | 10-12 | 13-15 | 16-18 || total
-------------------------+-------+-------+-------+-------+-------+-------++-------
Melee: Dagger            |     8 |     5 |    48 |       |       |       ||    61
       Punch             |       |     1 |     1 |     6 |     8 |       ||    16
       Trident           |       |    13 |    76 |       |       |       ||    89
       Whip              |       |       |     8 |   425 |   556 |       ||   989
       Morningstar       |       |       |       |       |   344 |   308 ||   652
 Cast: Magic Dart        |    68 |    73 |    94 |     6 |       |       ||   241
       Slow              |     5 |     4 |    18 |    16 |    17 |       ||    60
       Call Imp          |     1 |     4 |    11 |     4 |     1 |       ||    21
       Summon Small Mamm |     1 |     1 |     7 |       |       |       ||     9
       Mephitic Cloud    |       |     2 |    17 |    33 |    14 |       ||    66
       Poisonous Vapours |       |       |     6 |     2 |       |       ||     8
       Static Discharge  |       |       |    23 |    14 |     7 |       ||    44
       Blink             |       |       |     1 |       |     6 |     1 ||     8
       Summon Ice Beast  |       |       |       |     8 |     9 |       ||    17
       Olgreb's Toxic Ra |       |       |       |     1 |    57 |       ||    58
       Lee's Rapid Decon |       |       |       |       |    14 |       ||    14
       Statue Form       |       |       |       |       |    28 |    27 ||    55
Invok: Lesser Servant of |       |       |       |       |     6 |       ||     6
  Use: Scroll            |     5 |       |     7 |    11 |     8 |     2 ||    33
       Potion            |       |       |       |     2 |     3 |       ||     5
 Stab: Confused          |       |       |     9 |    18 |    15 |       ||    42
       Sleeping          |       |       |     1 |     2 |     3 |     1 ||     7
       Distracted        |       |       |       |       |     2 |       ||     2
Armor: Robe              |     2 |    14 |    27 |    28 |       |       ||    71
       Troll leather arm |       |       |       |    70 |   105 |     1 ||   176
       Skin              |       |       |       |       |   222 |   177 ||   399
Dodge: Dodged            |     7 |    35 |    89 |   254 |   961 |   384 ||  1730
Block: Buckler           |       |       |       |       |   271 |   157 ||   428

Table legend: (Time is in decaauts)
 A = Elapsed time spent in this place.
 B = Non-inter-level travel time spent in this place.
 C = Inter-level travel time spent in this place.
 D = Time resting spent in this place.
 E = Time spent auto-exploring this place.
 F = Levels seen in this place.
 G = Mean time per level.
                   A        B        C        D        E       F      G
               +--------+--------+--------+--------+--------+-----+--------+
         Total |  26419 |  24643 |   1776 |   3286 |  16247 |  27 |  978.5 |
       Dungeon |  18966 |  17494 |   1472 |   3197 |  11213 |  15 | 1264.4 |
        Temple |     56 |     41 |     15 |      0 |     18 |   1 |   56.0 |
          Lair |   3627 |   3429 |    198 |     62 |   2475 |   5 |  725.4 |
     Snake Pit |   1580 |   1564 |     16 |      0 |   1296 |   2 |  790.0 |
  Orcish Mines |   1658 |   1585 |     73 |      0 |   1127 |   2 |  829.0 |
        Bailey |    226 |    226 |      0 |      7 |     34 |   1 |  226.0 |
       Volcano |    303 |    303 |      0 |     20 |     83 |   1 |  303.0 |
               +--------+--------+--------+--------+--------+-----+--------+

Top non-repeatable levels by time:
     D:8: 1799 daAuts
     D:5: 1718 daAuts
     D:3: 1680 daAuts
     D:6: 1599 daAuts
     D:7: 1538 daAuts
    D:13: 1528 daAuts
     D:9: 1527 daAuts
    D:14: 1262 daAuts
 Snake:1: 1235 daAuts
    D:10: 1201 daAuts
     D:1: 945 daAuts
     D:2: 928 daAuts
    D:12: 914 daAuts
    D:11: 898 daAuts
   Orc:2: 897 daAuts
